 Dungeon Crawl Stone Soup version 0.23-a0-586-gacb4b3f (webtiles) character file.

126 inc the Conjurer (level 4, 0/18 HPs)
             Began as a Felid Conjurer on Dec 18, 2018.
             Slain by a crimson imp (4 damage)
             ... summoned by Eustachio
             ... on level 4 of the Dungeon.
             The game lasted 00:04:35 (4266 turns).

inc the Conjurer (Felid Conjurer)                   Turns: 4266, Time: 00:04:36

Health: 0/18       AC:  1    Str:  4    XL:     4   Next: 83%
Magic:  0/10       EV: 18    Int: 17    God:
Gold:   169        SH:  0    Dex: 17    Spells: 4/10 levels left
                                        Lives:  0   Deaths: 1

rFire    . . .     SeeInvis +   (weapon unavailable)
rCold    . . .     Gourm    .   (shield unavailable)
rNeg     . . .     Faith    .   (armour unavailable)
rPois    .         Spirit   .   (helmet unavailable)
rElec    .         Reflect  .   (cloak unavailable)
rCorr    .         Harm     .   (gloves unavailable)
MR       .....                  (boots unavailable)
Stlth    +++.......             (no amulet)
HPRegen  0.06/turn              (no ring)
MPRegen  0.12/turn              (no ring)

@: quick
A: very small, no armour, no weapons or thrown items, stealth, claws 1, fangs 3,
see invisible, carnivore, speed 1, shaggy fur 1, slow metabolism 1, sharp paws
a: no special abilities


You were on level 4 of the Dungeon.
You were not hungry.

You visited 1 branch of the dungeon, and saw 4 of its levels.

You collected 169 gold pieces.

Inventory:

Scrolls
 a - 7 scrolls of identify {unknown}
 d - a scroll of blinking {unknown}
 e - 2 scrolls of enchant armour {unknown}
 f - 2 scrolls of remove curse {unknown}
 h - a scroll of fog {unknown}
 i - a scroll of teleportation {unknown}
 j - a scroll of amnesia {unknown}
 k - a scroll of magic mapping {unknown}
Potions
 c - 2 potions of flight
 g - a potion of ambrosia {unknown}
Comestibles
 b - 5 rations


   Skills:
 - Level 3.1 Dodging
 - Level 3.2 Stealth
 - Level 3.5 Spellcasting
 + Level 5.3 Conjurations


You had 4 spell levels left.
You knew the following spells:

 Your Spells              Type           Power        Failure   Level  Hunger
a - Magic Dart            Conj           ###.         1%          1    None
b - Searing Ray           Conj           ###...       2%          2    ##.....
c - Dazzling Spray        Conj/Hex       ##....       17%         3    ###....

Your spell library contained the following spells:

 Spells                   Type           Power        Failure   Level  Hunger
 Iskenderun's Mystic Bla  Conj           ###.....     19%         4    ####...
 Force Lance              Conj/Tloc      ##......     50%         4    ####...
 Fulminant Prism          Conj/Hex       ##........   50%         4    ####...


Dungeon Overview and Level Annotations

Branches:
Dungeon (4/15)
 Temple: D:4-7

Altars:
Fedhas
Sif Muna
Uskayaw
Zin
The Shining One

Annotations:
D:2 2 transporters, 1 runed door
D:4 Eustachio


Innate Abilities, Weirdness & Mutations

You cannot wear armour.
You are incapable of wielding weapons or throwing items.
Your paws allow you to move quietly. (Stealth)
You have sharp claws.
You have razor-sharp teeth.
You have supernaturally acute eyesight. (SInv)
You are carnivorous and can eat meat at any time.
You cover ground quickly.
You are covered in fur. (AC +1)
You have a slow metabolism.
Your sharp claws are effective at attacking unaware monsters.


Message History

The crimson imp misses you.
You scratch the crimson imp.
You bite the crimson imp, but do no damage.
The crimson imp is lightly wounded.
Eustachio is no longer moving quickly.
The quasit bites you.
* * * LOW HITPOINT WARNING * * *
The quasit barely misses you. The quasit misses you.
Eustachio casts a spell.
The quasit misses you.
The quasit claws you but does no damage.
The quasit barely misses you. The crimson imp completely misses you.
You scratch the crimson imp. Your bite misses the crimson imp.
The crimson imp is lightly wounded.
The quasit barely misses you. x2; The quasit closely misses you.
The crimson imp closely misses you.
Unknown command.
You scratch the crimson imp but do no damage.
The quasit barely misses you. The quasit misses you.
The quasit completely misses you. The crimson imp hits you.
You die...

#.).(. #.##.........#
.......##.##...<.....#
....... .............#
....... #.##.........#
#.....###.##.###.###.## #
#....##.#.#.# #)##...##.#
##......###..# #.........#
#........#.########...####
..........rr@r55@5...##
#.......##############
.....s.## ##.....#
_...8..# )!.....# ....8...
......#.# ...[8.#.#


You could see Eustachio, a quasit, a crimson imp, a river rat, an ufetubus, a
quokka and a rat.

Vanquished Creatures
  A hound (D:3)
  A worker ant (D:4)
  5 adders
  3 gnolls
  An ooze (D:3)
  A worm (D:3)
  A dart slug (D:1)
  2 leopard geckos (D:3)
  9 orcs
  2 ball pythons (D:3)
  3 bats
  3 giant cockroaches
  9 goblins
  9 hobgoblins
  4 kobolds
  A quokka (D:4)
  5 frilled lizards
  6 rats
66 creatures vanquished.

Notes
Turn   | Place    | Note
-------+----------+-------------------------------------------
     0 | D:1      | inc the Felid Conjurer began the quest for the Orb.
     0 | D:1      | Reached XP level 1. HP: 7/7 MP: 4/4
   295 | D:1      | Reached skill level 4 in Conjurations
   298 | D:1      | Reached XP level 2. HP: 11/11 MP: 0/6
   781 | D:1      | Found a glowing golden altar of the Shining One.
  1386 | D:2      | Found a glowing silver altar of Zin.
  1386 | D:2      | Found a deep blue altar of Sif Muna.
  1389 | D:2      | Noticed an ice beast
  1391 | D:2      | Found a transporter.
  1394 | D:2      | Noticed a crocodile
  1397 | D:2      | Found a transporter.
  1697 | D:2      | Reached XP level 3. HP: 14/14 MP: 0/7
  1979 | D:2      | Found a runed door.
  2589 | D:3      | Reached XP level 4. HP: 18/18 MP: 5/9
  2625 | D:3      | Found a blossoming altar of Fedhas.
  3108 | D:3      | Reached XP level 5. HP: 16/21 MP: 0/11
  3700 | D:4      | Noticed Eustachio
  3710 | D:3      | Learned a level 2 spell: Searing Ray
  3714 | D:3      | Learned a level 3 spell: Dazzling Spray
  3761 | D:4      | Reached skill level 5 in Conjurations
  3767 | D:4      | Slain by an orc
  3768 | D:4      | Reached XP level 4. HP: 0/18 MP: 1/10
  4235 | D:4      | Found a hide-covered altar of Uskayaw.
  4266 | D:4      | Slain by a crimson imp

Vault maps used:
D:1:      psy_arrival_spokes, tso_metal_star
D:2:      gammafunk_temple_overflow_arena, uniq_crazy_yiuf_cottage
D:3:      lemuel_tele_altar
D:4:      minmay_wonky_spiral, eat_drink_and_be_merry_uskayaw,
          minmay_hollow_rounded_squares, uniq_eustachio

Skill      XL: |  1  2  3  4  5 |
---------------+----------------+-----
Conjurations   | 4 5 |  5.3
Stealth        | 3 |  3.2
Spellcasting   | 3 |  3.5
Dodging        | 3 |  3.1

Action                   |  1- 3 |  4- 6 || total
-------------------------+-------+-------++-------
Melee: Unarmed           |     8 |     8 ||    16
       Bite              |     3 |     1 ||     4
 Cast: Magic Dart        |    95 |   102 ||   197
       Searing Ray       |       |     1 ||     1
  Use: Potion            |     3 |       ||     3
  Eat: Chunk             |     4 |     1 ||     5
Armor: Skin              |       |     1 ||     1
Dodge: Dodged            |    30 |    46 ||    76

Table legend:
 A = Non-vault XP
 B = Vault XP
 C = Vault XP percentage of total XP
 D = Non-vault monster count
 E = Vault monster count
 F = Vault count percentage of total count
                 A         B        C        D         E       F
            +---------+---------+-------+---------+---------+-------
      Total |     299 |       5 |   1.6 |      64 |       2 |   3.0
            +---------+---------+-------+---------+---------+-------
        D:1 |      31 |       0 |   0.0 |      18 |       0 |   0.0
        D:2 |      43 |       0 |   0.0 |      11 |       0 |   0.0
        D:3 |     167 |       0 |   0.0 |      25 |       0 |   0.0
        D:4 |      58 |       5 |   7.9 |      10 |       2 |  16.7
            +---------+---------+-------+---------+---------+-------
